 Dungeon Crawl Stone Soup version 0.21.1-1-g345015f (webtiles) character file.

1028 Fang the Chopper (level 8, -11/50 HPs)
             Began as a Gargoyle Berserker on May 27, 2018.
             Was an Elder of Trog.
             Mangled by an orc warrior
             ... wielding a +0 trident
              (15 damage)
             ... on level 6 of the Dungeon on May 29, 2018.
             The game lasted 00:09:58 (5300 turns).

Fang the Chopper (Gargoyle Berserker)               Turns: 5300, Time: 00:09:59

Health: -11/50     AC:  7    Str: 24    XL:     8   Next: 23%
Magic:  8/8        EV: 13    Int:  7    God:    Trog [****..]
Gold:   447        SH:  0    Dex:  9    Spells: 7/7 levels left

rFire    . . .     SeeInvis .   a - +3 hand axe
rCold    . . .     Gourm    .   (no shield)
rNeg     + . .     Faith    .   b - +0 animal skin
rPois    ∞         Spirit   .   (no helmet)
rElec    +         Reflect  .   (no cloak)
rCorr    .         Harm     .   (no gloves)
MR       .....                  (no boots)
Stlth    ++........             k - amulet of rage
HPRegen  0.16/turn              (no ring)
MPRegen  0.11/turn              (no ring)

@: berserk cooldown, slowed, very slow
A: negative energy resistance 1, electricity resistance, unbreathing,
petrification resistance, rot immunity, AC +5
a: Berserk, Trog's Hand, Brothers in Arms, Burn Spellbooks, Renounce Religion,
Evoke Berserk Rage


You were on level 6 of the Dungeon.
You worshipped Trog.
Trog was greatly pleased with you.
You were near starving.

You visited 2 branches of the dungeon, and saw 7 of its levels.

You collected 447 gold pieces.

Inventory:

Hand Weapons
 a - a +3 hand axe (weapon)
Missiles
 g - 4 poisoned javelins (quivered)
Armour
 b - a +0 animal skin (worn)
Jewellery
 k - an amulet of rage (around neck)
Wands
 h - a wand of digging (14)
Scrolls
 e - 3 scrolls of teleportation
 f - 2 scrolls of remove curse
 i - 3 scrolls of identify
 n - a scroll of blinking
 o - a scroll of noise {unknown}
Potions
 d - 2 potions of curing
 j - 4 potions of cancellation
 l - a potion of might
 m - 2 potions of heal wounds
Comestibles
 c - 9 rations


   Skills:
 + Level 5.4 Fighting
 + Level 6.5 Axes
 + Level 2.5 Armour
 + Level 3.6 Dodging
 + Level 3.4 Stealth


You had 7 spell levels left.
You didn't know any spells.

Dungeon Overview and Level Annotations

Branches:
Dungeon (6/15)             Temple (1/1) D:5

Altars:
Ashenzari
Cheibriados
Dithmenos
Elyvilon
Fedhas
Gozag
Hepliaklqana
Makhleb
Nemelex Xobeh
Okawaru
Ru
Sif Muna
Trog
Uskayaw
Vehumet
Wu Jian
Xom
Yredelemnul
Zin
The Shining One


Innate Abilities, Weirdness & Mutations

You are resistant to torment.
Your stone body is resilient. (AC +5)
You are immune to poison.
You resist negative energy. (rN+)
You are resistant to electric shocks. (rElec)
You can survive without breathing.
You are immune to petrification.
You are immune to rotting.


Message History

You slash the orc!
You kill the orc!
Trog accepts your kill.
The orc warrior hits you from afar with a trident!
* * * LOW HITPOINT WARNING * * *
An orc comes into view. It is wielding a short sword.
Unknown command.
You are no longer berserk.
You are exhausted.
You feel yourself slow down.
The orc shouts!
Things that are here:
a short sword; an orc corpse The orc warrior misses you.
The orc warrior barely misses you.
Things that are here:
a hand axe; a leather armour You barely miss the orc warrior.
The orc warrior is moderately wounded.
The orc warrior hits you with a trident!
You die...

..#### #...##...##
.....#####..#######
####...(#...# ####..#..##
## # #..###.## #.##..
#.## ##.## #..... #.#
##.###...# ### ##)#
##)o....###. ..####..###
#)@)......[ ......[...#
#.)........
........###......###.....
.......## ##.....# ....
#.....## ##o...# #..
##.)### #.###.. . #.##
#.# #.. #.# .# #.. #.# #.


You could see an orc warrior and an orc.

Vanquished Creatures
  2 centaurs
  Blork the orc (D:5)
  3 scorpions
  2 howler monkeys
  A crimson imp (D:5)
  3 hounds
  A bullfrog skeleton (D:4)
  An orc priest (D:6)
  A jelly (D:5)
  Jessica (D:2)
  4 worker ants
  Ijyb (D:4)
  Terence (D:2)
  6 adders
  3 shadow imps (D:5)
  2 oozes (D:4)
  2 adder skeletons
  3 dart slugs (D:1)
  7 leopard geckos
  7 orcs (D:6)
  8 giant cockroaches
  4 goblins
  9 hobgoblins
  14 jackals
  A quokka (D:5)
  6 bats
  5 frilled lizards
  5 kobolds
  A quokka zombie (D:5)
  6 rats
111 creatures vanquished.

Vanquished Creatures (others)
  A plant (D:5)
1 creature vanquished.

Grand Total: 112 creatures vanquished

Notes
Turn   | Place    | Note
-------+----------+-------------------------------------------
     0 | D:1      | Fang the Gargoyle Berserker began the quest for the Orb.
     0 | D:1      | Reached XP level 1. HP: 14/14 MP: 1/1
   142 | D:1      | Reached XP level 2. HP: 14/19 MP: 2/2
   149 | D:1      | Reached skill level 3 in Axes
   342 | D:1      | Reached XP level 3. HP: 21/23 MP: 3/3
   378 | D:1      | Reached ** piety under Trog
   826 | D:2      | Reached XP level 4. HP: 27/29 MP: 4/4
   844 | D:2      | Noticed Jessica
   856 | D:2      | Killed Jessica
   856 | D:2      | Reached skill level 1 in Stealth
   868 | D:2      | Noticed Terence
  1014 | D:2      | Killed Terence
  1014 | D:2      | Reached XP level 5. HP: 18/33 MP: 5/5
  1225 | D:2      | Reached skill level 4 in Axes
  1654 | D:3      | Reached *** piety under Trog
  1776 | D:3      | Found an ornate altar of the Wu Jian Council.
  1776 | D:3      | Found an opulent altar of Gozag.
  2040 | D:3      | Reached XP level 6. HP: 31/38 MP: 6/6
  2318 | D:3      | Found a bloodstained altar of Trog.
  2451 | D:4      | Noticed Ijyb
  2468 | D:4      | Killed Ijyb
  2631 | D:4      | Reached skill level 5 in Axes
  2914 | D:4      | Reached XP level 7. HP: 41/44 MP: 7/7
  3306 | D:5      | Entered Level 5 of the Dungeon
  3480 | D:5      | Found a staircase to the Ecumenical Temple.
  3596 | Temple   | Entered the Ecumenical Temple
  3799 | D:5      | Reached skill level 5 in Fighting
  4096 | D:5      | Found a shattered altar of Ashenzari.
  4100 | D:5      | Saw a vision of the Swamp and the Snake Pit.
  4100 | D:5      | Noticed an alligator
  4100 | D:5      | Noticed a black mamba
  4100 | D:5      | Noticed a naga
  4100 | D:5      | Noticed a naga mage
  4100 | D:5      | Noticed a naga
  4100 | D:5      | Noticed a black mamba
  4100 | D:5      | Noticed a naga warrior
  4101 | D:5      | Noticed a black mamba
  4103 | D:5      | Noticed a naga
  4110 | D:5      | Noticed an angel
  4111 | D:5      | Found a shimmering altar of Xom.
  4112 | D:5      | Found a glowing silver altar of Zin.
  4224 | D:5      | Reached skill level 6 in Axes
  4520 | D:5      | Noticed Blork the orc
  4532 | D:5      | Killed Blork the orc
  4532 | D:5      | Reached XP level 8. HP: 22/49 MP: 8/8
  5290 | D:6      | Reached **** piety under Trog
  5300 | D:6      | Mangled by an orc warrior

Skill      XL: |  1  2  3  4  5  6  7 |
---------------+----------------------+-----
Axes           | 3 4 5 6 |  6.5
Dodging        | 2 3 |  3.6
Stealth        | 1 2 3 |  3.4
Fighting       | 4 5 |  5.4
Armour         | |  2.5

Action                   |  1- 3 |  4- 6 |  7- 9 || total
-------------------------+-------+-------+-------++-------
Melee: Hand axe          |   123 |   194 |   140 ||   457
Invok: Berserk           |       |     1 |     4 ||     5
       Burn Spellbooks   |       |     1 |       ||     1
  Use: Scroll            |       |    13 |     1 ||    14
 Stab: Sleeping          |     1 |     3 |     2 ||     6
  Eat: Chunk             |       |     7 |    10 ||    17
Armor: Animal skin       |    52 |    61 |    38 ||   151
Dodge: Dodged            |   106 |   120 |    88 ||   314
